 Dungeon Crawl Stone Soup version 0.17.1-3-g152610e (webtiles) character file.

58 Alarkh the Gusty (level 4, -1/22 HPs)
             Began as a Vine Stalker Air Elementalist on Apr 14, 2016.
             Slain by Natasha (10 damage)
             ... on level 2 of the Dungeon.
             The game lasted 00:02:18 (776 turns).

Alarkh the Gusty (Vine Stalker Air Elementalist)     Turns: 776, Time: 00:02:18

Health: -1/22      AC:  3    Str: 11    XL:     4   Next: 2%
Magic:  0/9        EV: 12    Int: 16    God:
Gold:   43         SH:  0    Dex: 14    Spells: 1 memorised, 7 levels left

rFire  . . .     SeeInvis .     d - +0 dagger
rCold  . . .     Clarity  .     a - +0 robe
rNeg   . . .     SustAt   .     (no shield)
rPois  .         Gourm    .     (no helmet)
rElec  .         Spirit   +     e - +0 cloak
rCorr  .         Warding  .     (no gloves)
rMut   .         Stasis   .     (no boots)
MR     .....                    (no amulet)
Stlth  ++........               (no ring)
                                (no ring)

@: very slightly contaminated, not resistant to hostile enchantments, unstealthy
A: fangs 2, regeneration 1, magic shield, antimagic bite, no device heal 3, rot
immunity
a: no special abilities


You were on level 2 of the Dungeon.
You were not hungry.

You visited 1 branch of the dungeon, and saw 2 of its levels.

You collected 43 gold pieces.

Inventory:

Hand Weapons
 d - a +0 dagger (weapon)
Missiles
 h - 17 poisoned needles
Armour
 a - a +0 robe (worn)
 e - a +0 cloak (worn)
Jewellery
 f - an uncursed ring of ice
Scrolls
 i - a scroll of teleportation {unknown}
Potions
 g - 2 potions of degeneration {unknown}
 j - a potion of resistance {unknown}
 k - a potion of curing {unknown}
Books
 b - a book of Air

   Spells                             Type                      Level
   a - Shock                          Conjuration/Air              1
   b - Swiftness                      Charms/Air                   2
   c - Repel Missiles                 Charms/Air                   2
   d - Static Discharge               Conjuration/Air              3
   e - Lightning Bolt                 Conjuration/Air              5
Comestibles
 c - a bread ration


   Skills:
 + Level 1.4 Fighting
 - Level 1.5 Dodging
 - Level 2.4 Stealth
 + Level 2.8 Spellcasting
 + Level 2.0 Conjurations
 + Level 3.4 Air Magic


You had 7 spell levels left.
You knew the following spells:

 Your Spells              Type           Power        Failure   Level  Hunger
a - Shock                 Conj/Air       ##..         10%         1    #......


Dungeon Overview and Level Annotations

Branches:
Dungeon (2/15)

Altars:

Annotations:
D:2 Natasha


Innate Abilities, Weirdness & Mutations

You have extremely sharp teeth.
Your natural rate of healing is unusually fast.
When hurt, damage is shared between your health and your magic reserves.
Your bite disrupts and absorbs the magic of your enemies.
Potions and wands cannot restore your health.
You are immune to rotting.


Message History

You barely miss the white imp.
You bite the white imp, but do no damage.
The white imp is severely wounded.
The white imp barely misses you.
You barely miss the white imp.
The white imp is severely wounded.
The white imp falters for a moment.
Casting: Shock
Confirm with . or Enter, or press ? or * to list all spells.
Aiming: Shock
Press: ? - help, Shift-Dir - straight line, p - Natasha The zap misses the white imp.
The zap misses Natasha.
The zap misses Natasha.
The zap hits the white imp.
The white imp is severely wounded.
The white imp disappears in a puff of smoke!
Natasha claws you.
You hit Natasha but do no damage.
Natasha is almost dead.
Natasha claws you!
You die...

#....# #...# #....# #...#
###....# #...# #......#
#..5####### ## ##......#
#..>....... . ##......#
#.#(###########.# .#.....##
#.#(55#.......#.#
.#.....####.###h#.#.......#
.#.....)....###.@.#.###.###
('........)......##.#...#.##
('.####.............#.#....#
(### #...........###.#.#..#
.# #.............#.#<...# .#
###########.#.#.#.#### ##
#.#.#.#...# # ###.# #.###.#
#.[.# .. #.#


You could see Natasha and 2 shadow imps.

Vanquished Creatures
  Ijyb (D:2)
  An adder (D:2)
  A giant gecko (D:1)
  2 hobgoblins (D:2)
  10 kobolds
  2 giant newts
  4 goblins
  3 rats (D:1)
24 creatures vanquished.

Notes
Turn   | Place    | Note
--------------------------------------------------------------
     0 | D:1      | Alarkh the Vine Stalker Air Elementalist began the quest for the Orb.
     0 | D:1      | Reached XP level 1. HP: 9/9 MP: 4/4
   104 | D:1      | Reached XP level 2. HP: 14/14 MP: 0/6
   427 | D:1      | Reached skill level 1 in Fighting
   455 | D:2      | Reached XP level 3. HP: 11/18 MP: 1/7
   539 | D:2      | Noticed Ijyb
   665 | D:2      | Killed Ijyb
   665 | D:2      | Reached XP level 4. HP: 9/22 MP: 0/9
   758 | D:2      | Noticed Natasha
   776 | D:2      | Slain by Natasha

Action                   |  1- 3 |  4- 6 || total
-------------------------+-------+-------++-------
Melee: Dagger            |    49 |     7 ||    56
       Unarmed           |     4 |       ||     4
 Cast: Shock             |    44 |    10 ||    54
